 Dungeon Crawl Stone Soup version 0.30.1-9-gdf580d7c3d (webtiles) character file.

Game seed: 3988345589869060315

173 booth the Shield-Bearer (level 5, -13/39 HPs)
             Began as a Demonspawn Wanderer on Oct 8, 2023.
             Killed from afar by Ijyb (24 damage)
             ... with a bolt of acid
             ... on level 3 of the Dungeon.
             The game lasted 00:16:18 (2980 turns).

booth the Shield-Bearer (Demonspawn Wanderer)       Turns: 2980, Time: 00:16:18

Health: -13/39     AC:  1    Str: 16    XL:     5   Next: 28%
Magic:  5/5        EV:  9    Int: 11    God:
Gold:   91         SH:  7    Dex: 13    Spells: 4/4 levels left

rFire   . . .        i - +0 short sword (venom)
rCold   . . .        d - +2 buckler
rNeg    . . .        k - +0 ring mail
rPois   .            (helmet restricted)
rElec   .            (no cloak)
rCorr   .            (no gloves)
SInv    .            (no boots)
Will    .....        (no amulet)
Stlth   +            (no ring)
HPRegen 0.26/turn    (no ring)
MPRegen 0.09/turn

%: no passive effects
@: corroded
A: horns 1, powered by pain 1, demonic magic 1
a: no special abilities


You were on level 3 of the Dungeon.
You visited 1 branch of the dungeon, and saw 3 of its levels.

You collected 91 gold pieces.

Inventory:

Hand Weapons
 a - a +0 dagger
 i - a +0 short sword of venom (weapon)
 l - a +4 mace of venom
 n - a +0 hand axe
Missiles
 c - 9 poisoned darts (quivered)
 g - 3 boomerangs
Armour
 d - a +2 buckler (worn)
 f - a +0 leather armour
 k - a +0 ring mail (worn)
Scrolls
 b - 4 scrolls of fog
Potions
 e - a potion of curing
 h - 2 potions of might
 j - a potion of berserk rage
 m - a potion of haste {unknown}


   Skills:
 + Level 2.3 Fighting
 + Level 1.8 Short Blades
 + Level 0.0 Axes
 + Level 2.2 Throwing
 + Level 2.2 Armour
 + Level 3.3 Shields
 - Level 1.7 Unarmed Combat
 - Level 1.2 Invocations
 - Level 1.0 Evocations


You had 4 spell levels left.
You didn't know any spells.
Your spell library contained the following spells:

 Spells                   Type           Power      Damage    Failure   Level
 Freeze                   Ice            0%         1d3       65%         1
 Necrotise                Necr           0%         1d4       65%         1
 Frozen Ramparts          Ice            0%         1d1       95%         3
 Hailstorm                Conj/Ice       0%         3d3       95%         3
 Vampiric Draining        Necr           0%         2d6       95%         3
 Agony                    Necr           0%         N/A       100%        5


Dungeon Overview and Level Annotations

Branches:
Dungeon (3/15)

Altars:

Annotations:
D:3 Ijyb


Innate Abilities, Weirdness & Mutations

You have a pair of small horns on your head.
You sometimes gain a little power by taking damage.
Spells you cast may paralyse adjacent enemies.


Message History

The orc is lightly wounded.
You hit the orc.
You kill the orc!
You see here a +0 short sword.
Ijyb the Twisted Goblin comes into view.
She is wielding a +0 club, wearing a +0 leather armour of cold resistance and carrying a wand of acid (13).
Ijyb shouts!
Ijyb zaps a wand.
The bolt of acid hits you! The acid corrodes you! You block Ijyb's attack.
Ijyb hits you with a +0 club.
You closely miss Ijyb. Ijyb hits you with a +0 club.
You hit Ijyb but do no damage. You headbutt Ijyb.
Ijyb is lightly wounded.
Ijyb closely misses you.
You miss Ijyb. Your headbutt misses Ijyb.
Ijyb is lightly wounded.
Ijyb zaps a wand.
The bolt of acid misses you.
You hit Ijyb but do no damage.
Ijyb is poisoned.
You headbutt Ijyb, but do no damage.
Ijyb is lightly wounded.
You block Ijyb's attack.
You closely miss Ijyb. Your headbutt misses Ijyb.
Ijyb is lightly wounded.
Ijyb hits you with a +0 club.
* * * LOW HITPOINT WARNING * * *
You hit Ijyb but do no damage.
Ijyb looks as sick as possible!
Ijyb is lightly wounded.
Ijyb hits you with a +0 club.
* * * LOW HITPOINT WARNING * * *
You feel better. Ijyb hits you with a +0 club.
You hit Ijyb but do no damage.
Ijyb looks as sick as possible!
Your headbutt misses Ijyb.
Ijyb is heavily wounded.
Ijyb hits you with a +0 club.
* * * LOW HITPOINT WARNING * * *
You hit Ijyb but do no damage.
Ijyb looks as sick as possible!
Your headbutt misses Ijyb.
Ijyb is severely wounded.
Ijyb zaps a wand.
The bolt of acid hits you!!
Ouch! That really hurt!
You die...

#.......)..##########.##
#.......#### #..##
#......########## ##..#
#......##.......# ##..
####.##.#..#.......#######..
#####....##.##......)..........#
##.....#####.###......<.#########
...##### #.# #........# #### #.#
#@.......# .### #.# #g########
...## #.# #.. ##..### #.# ###.
##. ##...## #.# .. ### #.. #
###..#####.# ## ..##..# ###
##....##.### #.#..# #..
####....).# #...# ###.# ####.#.#
#..# ##...#


You could see Ijyb (extremely poisoned).

Vanquished Creatures
  An orc priest (D:3)
  Robin (D:2)
  A gnoll (D:1)
  4 adders
  2 worms
  5 orcs (D:3)
  7 ball pythons
  6 bats
  2 endoplasms
  A giant cockroach (D:1)
  9 goblins
  14 hobgoblins
  4 jackals (D:2)
  A quokka (D:3)
  2 frilled lizards (D:2)
  5 kobolds
  9 rats
74 creatures vanquished.

Notes
Turn   | Place    | Note
-------+----------+-------------------------------------------
     0 | D:1      | booth the Demonspawn Wanderer began the quest for the Orb.
     0 | D:1      | booth set off with the following items: a +0 dagger, a
                  | scroll of fog, 11 poisoned darts, a +2 buckler, a potion of
                  | curing, a +0 leather armour.
     0 | D:1      | Reached XP level 1. HP: 15/15 MP: 1/1
   320 | D:1      | Gained mutation: You sometimes gain a little power by
                  | taking damage. [demonic ancestry]
   320 | D:1      | Reached XP level 2. HP: 20/21 MP: 2/2
  1015 | D:1      | Gained mutation: Spells you cast may paralyse adjacent
                  | enemies. [demonic ancestry]
  1015 | D:1      | Reached XP level 3. HP: 22/26 MP: 3/3
  1157 | D:1      | Reached skill level 1 in Short Blades
  1318 | D:2      | Reached skill level 3 in Shields
  1838 | D:2      | Reached XP level 4. HP: 14/33 MP: 4/4
  2160 | D:2      | Noticed Robin
  2249 | D:2      | Killed Robin
  2638 | D:3      | Gained mutation: You have a pair of small horns on your
                  | head. [demonic ancestry]
  2638 | D:3      | Reached XP level 5. HP: 26/38 MP: 5/5
  2967 | D:3      | Noticed Ijyb
  2980 | D:3      | Killed from afar by Ijyb

Illustrated notes

Levels and vault maps discovered:
D:1:      lordsloth_arrival_two_stooges, layout_basic, minmay_door_square,
          nicolae_concentric_dashed_squares_mild
D:2:      layout_basic, uniq_robin
D:3:      layout_rooms, uniq_ijyb

Skill      XL: |  1  2  3  4 |
---------------+-------------+-----
Short Blades   | 1 |  1.8
Shields        | 3 |  3.3
Fighting       | 2 |  2.3
Armour         | 2 |  2.2
Throwing       | 2 |  2.2
Unarmed Combat | |  1.7
Invocations    | |  1.2
Evocations     | |  1.0

Action                     |  1- 3 |  4- 6 || total
---------------------------+-------+-------++-------
  Melee: Dagger            |   152 |       ||   152
         Short sword       |    88 |   136 ||   224
         Headbutt          |       |     5 ||     5
  Throw: Dart              |     9 |    14 ||    23
    Use: Potion            |     2 |     3 ||     5
         Scroll            |     2 |     1 ||     3
   Stab: Sleeping          |     1 |       ||     1
 Armour: Leather armour    |    56 |    14 ||    70
         Ring mail         |       |     5 ||     5
  Dodge: Dodged            |   110 |    42 ||   152
  Block: Buckler           |    77 |    32 ||   109
